 Dungeon Crawl Stone Soup version 0.30.1-3-gfc49f6343a (webtiles) character file.

Game seed: 10394034911725622274

240 Gorgoleon the Digger (level 6, -22/32 HPs)
             Began as a Gargoyle Earth Elementalist on Aug 8, 2023.
             Annihilated by an ogre
             ... wielding a +0 giant club
              (28 damage)
             ... on level 5 of the Dungeon on Aug 9, 2023.
             The game lasted 00:11:50 (4484 turns).

Gorgoleon the Digger (Gargoyle Earth Elementalist)  Turns: 4484, Time: 00:11:51

Health: -22/32     AC:  6    Str: 12    XL:     6   Next: 8%
Magic:  9/9        EV: 11    Int: 17    God:
Gold:   244        SH:  0    Dex: 10    Spells: 3/9 levels left

rFire   . . .        i - +1 whip (flame)
rCold   . . .        (no shield)
rNeg    + . .        a - +0 robe
rPois   ∞            (no helmet)
rElec   +            (no cloak)
rCorr   .            (no gloves)
SInv    .            (no boots)
Will    .....        (no amulet)
Stlth   ++           (no ring)
HPRegen 0.25/turn    (no ring)
MPRegen 0.11/turn

%: no passive effects
@: no status effects
A: sickness immunity, AC +4, negative energy resistance 1, electricity
resistance, torment resistance 1, petrification resistance
a: no special abilities


You were on level 5 of the Dungeon.
You visited 1 branch of the dungeon, and saw 5 of its levels.

You collected 244 gold pieces.

Inventory:

Hand Weapons
 i - a +1 whip of flaming (weapon)
Missiles
 c - 72 stones
 h - 7 poisoned darts
 j - a throwing net
 p - 4 boomerangs
Armour
 a - a +0 robe (worn)
 q - a +3 leather armour
Wands
 C - a wand of quicksilver (5)
Scrolls
 d - a scroll of blinking
 e - 2 scrolls of teleportation
 s - a scroll of magic mapping
Potions
 b - a potion of magic
 f - a potion of invisibility {unknown}
 g - 4 potions of brilliance
 l - a potion of heal wounds {unknown}
 m - 3 potions of curing
 o - 2 potions of ambrosia
 r - 2 potions of flight {unknown}
 t - a potion of berserk rage {unknown}
 u - a potion of attraction {unknown}
 z - 2 potions of lignification {unknown}


   Skills:
 - Level 1.5 Dodging
 - Level 2.1 Stealth
 - Level 2.0 Spellcasting
 * Level 1.7 Conjurations
 - Level 1.0 Transmutations
 + Level 7.5 Earth Magic


You had 3 spell levels left.
You knew the following spells:

 Your Spells              Type           Power      Damage    Failure   Level
a - Sandblast             Erth           54%        2d13      1%          1
b - Stone Arrow           Conj/Erth      34%        3d9       9%          3
c - Passwall              Tmut/Erth      13%        N/A       4%          2

Your spell library contained the following spells:

 Spells                   Type           Power      Damage    Failure   Level
 Summon Small Mammal      Summ           4%         N/A       19%         1
 Call Canine Familiar     Summ           1%         N/A       50%         3
 Summon Guardian Golem    Hex/Summ       1%         N/A       50%         3
 Petrify                  Tmut/Erth      16%        N/A       32%         4


Dungeon Overview and Level Annotations

Branches:
Dungeon (5/15)
 Temple: D:4-7

Altars:
Kikubaaqudgha
Yredelemnul
Zin


Innate Abilities, Weirdness & Mutations

You are immune to sickness and miasma.
Your stone body is resilient. (AC +4)
You are immune to poison.
You resist negative energy. (rN+)
You are resistant to electric shocks. (rElec)
You are resistant to unholy torment.
You are immune to petrification.


Message History

An orc wizard comes into view. It is wielding a +0 dagger.
Magic restored.
You climb upwards.
There is a stone staircase leading down here.
There is a stone staircase leading down here.
HP restored.
You climb downwards.
The orc shouts! x2; You hear a shout! x2
An orc comes into view. It is wielding a +0 flail.
There is a stone staircase leading up here.
Aiming: Sandblast (safe; 1% risk of failure)
Press: ? - help, Q - select action, (/) - cycle Shift-Dir - straight line, f - orc wizard
Aim: an orc wizard, wielding a +0 dagger and wearing a +0 robe (79% to hit)
The blast of sand hits the orc wizard.
The orc wizard is heavily wounded.
An orc comes into view. It is wielding a +0 hand axe.
The orc wizard hits you but does no damage.
You climb upwards.
There is a stone staircase leading down here.
Aiming: Sandblast (safe; 1% risk of failure)
Press: ? - help, Q - select action, (/) - cycle Shift-Dir - straight line, f - orc wizard
Aim: an orc wizard, wielding a +0 dagger and wearing a +0 robe (heavily wounded, 79% to hit)
The blast of sand hits the orc wizard!
You kill the orc wizard!
You have reached level 6!
Welcome back, Gorgoleon the Gargoyle Earth Elementalist.
Press ? for a list of commands and other information.
Magic restored.
Done exploring.
There is a stone staircase leading down here.
There is a stone staircase leading down here.
You climb downwards.
The orc priest shouts!
The ogre shouts!
The ogre hits you with a +0 giant club!!
Ouch! That really hurt!
* * * LOW HITPOINT WARNING * * *
There is a stone staircase leading up here.
The ogre hits you with a +0 giant club!!
Ouch! That really hurt!
You die...

**,****,*,,,**,,,,,,,,,,,**,
*,* ****###...>..**,,,***,
*** *#.......##*,,,**,,
*..........,,*,,**,
*#....o....***,,**,
#..†......***,,**,
*.........,,,,,,**
###....o...,,....,,
#.@O=......,,,...,*
*#....#.....,,,*..#*
#....##,,###,,***..*
##...#,,,,**,,*###.#
#....,,****,..#....
###...,,***,.......
#.#.,**,,,**,#...
###.#****,**,#... ***
*,,,,,##..


You could see an ogre, an orc priest and an orc wizard.

Vanquished Creatures
  An iguana (D:4)
  Natasha (thrice) (D:4)
  An orc wizard (D:4)
  4 adders
  2 worms
  A dart slug (D:3)
  An orc (D:5)
  6 ball pythons
  6 endoplasms
  6 goblins
  4 hobgoblins
  8 jackals (D:1)
  5 quokkas
  7 bats
  3 frilled lizards
  9 kobolds
  5 rats
72 creatures vanquished.

Notes
Turn   | Place    | Note
-------+----------+-------------------------------------------
     0 | D:1      | Gorgoleon the Gargoyle Earth Elementalist began the quest
                  | for the Orb.
     0 | D:1      | Reached XP level 1. HP: 10/10 MP: 3/3
   140 | D:1      | Reached skill level 4 in Earth Magic
   177 | D:1      | Reached XP level 2. HP: 15/15 MP: 0/5
   947 | D:1      | Reached XP level 3. HP: 19/19 MP: 3/6
   948 | D:1      | Reached skill level 5 in Earth Magic
   952 | D:1      | Learned a level 3 spell: Stone Arrow
  1868 | D:2      | Found a glowing silver altar of Zin.
  2707 | D:3      | Reached XP level 4. HP: 24/24 MP: 5/7
  2761 | D:3      | Found a faded altar of an unknown god.
  2920 | D:3      | Reached skill level 6 in Earth Magic
  2986 | D:3      | Learned a level 2 spell: Passwall
  3552 | D:4      | Reached skill level 1 in Transmutations
  3591 | D:4      | Found a basalt altar of Yredelemnul.
  3594 | D:4      | Reached XP level 5. HP: 28/28 MP: 6/8
  3702 | D:4      | Found an ancient bone altar of Kikubaaqudgha.
  3752 | D:4      | Noticed Natasha
  3764 | D:4      | Killed Natasha
  3765 | D:4      | Reached skill level 1 in Conjurations
  3770 | D:4      | Noticed Natasha
  3775 | D:4      | Killed Natasha
  3776 | D:4      | Reached skill level 7 in Earth Magic
  3873 | D:4      | Noticed Natasha
  3878 | D:4      | Killed Natasha
  4380 | D:5      | Entered Level 5 of the Dungeon
  4432 | D:5      | Noticed an ogre
  4452 | D:4      | Reached XP level 6. HP: 32/32 MP: 6/9
  4484 | D:5      | Annihilated by an ogre

Illustrated notes

Levels and vault maps discovered:
D:1:      elethiomel_arrival_quiet, layout_basic, st_stairs_4
D:2:      layout_basic, basic_altar
D:3:      layout_loops_ring, shapermc_ecumenical_altar_notcrosses
D:4:      layout_basic, nicolae_kikubaaqudgha_miasma_corner,
          amcnicky_altar_gilded, uniq_natasha
D:5:      layout_cave_pools, worldfamousw_hep_ancestral_shrine

Skill      XL: |  1  2  3  4  5 |
---------------+----------------+-----
Earth Magic    | 4 5 6 7 |  7.5
Transmutations | 1 |  1.0
Conjurations   | 1 |  1.7
Dodging        | |  1.5
Stealth        | |  2.1
Spellcasting   | |  2.0

Action                     |  1- 3 |  4- 6 || total
---------------------------+-------+-------++-------
  Melee: Dagger            |    15 |       ||    15
         Unarmed           |     1 |       ||     1
         Whip              |    53 |     1 ||    54
   Cast: Sandblast         |    54 |    39 ||    93
    Use: Scroll            |       |    13 ||    13
   Stab: Sleeping          |     1 |       ||     1
 Armour: Robe              |    44 |     3 ||    47
  Dodge: Dodged            |    98 |     7 ||   105
